 Dungeon Crawl Stone Soup version 0.28.0-1-gb440e238dd (webtiles) character file.

Game seed: 14499894596337110992

69 graymark the Conjurer (level 4, -3/24 HPs)
             Began as a Deep Elf Conjurer on Feb 22, 2022.
             Slain by Sigmund (7 damage)
             ... on level 2 of the Dungeon.
             The game lasted 00:03:53 (1644 turns).

graymark the Conjurer (Deep Elf Conjurer)           Turns: 1644, Time: 00:03:54

Health: -3/24      AC:  3    Str:  4    XL:     4   Next: 2%
Magic:  2/12       EV: 12    Int: 25    God:
Gold:   23         SH:  0    Dex: 13    Spells: 2/12 levels left

rFire   . . .      SeeInvis .   d - +0 short sword
rCold   . . .      Faith    .   (no shield)
rNeg    . . .      Spirit   .   a - +0 robe
rPois   .          Reflect  .   (no helmet)
rElec   .          Harm     .   (no cloak)
rCorr   .          Rampage  .   e - +0 pair of gloves
Will    .....                   (no boots)
Stlth   ++........              (no amulet)
HPRegen 0.08/turn               (no ring)
MPRegen 0.13/turn               (no ring)

@: no status effects
A: no striking features
a: no special abilities


You were on level 2 of the Dungeon.
You visited 1 branch of the dungeon, and saw 2 of its levels.

You collected 23 gold pieces.

Inventory:

Hand Weapons
 d - a +0 short sword (weapon)
Armour
 a - a +0 robe (worn)
 e - a +0 pair of gloves (worn)
Scrolls
 b - 2 scrolls of identify {unknown}
 c - 2 scrolls of vulnerability {unknown}
 g - a scroll of fog {unknown}
Potions
 f - a potion of flight {unknown}
 h - 2 potions of heal wounds {unknown}


   Skills:
 - Level 2.4 Dodging
 - Level 2.4 Stealth
 + Level 4.6 Spellcasting
 + Level 5.3 Conjurations
 + Level 0.0 Hexes


You had 2 spell levels left.
You knew the following spells:

 Your Spells              Type           Power      Damage    Failure   Level
a - Magic Dart            Conj           100%       1d8       1%          1
b - Searing Ray           Conj           64%        2d6       1%          2
c - Dazzling Flash        Conj/Hex       38%        N/A       9%          3
d - Fulminant Prism       Conj/Hex       9%         3d7       28%         4

Your spell library contained the following spells:

 Spells                   Type           Power      Damage    Failure   Level
 Gell's Gravitas          Tloc           5%         N/A       26%         3
 Lesser Beckoning         Tloc           5%         N/A       26%         3
 Teleport Other           Tloc           5%         N/A       26%         3
 Iskenderun's Mystic Bla  Conj/Tloc      19%        2d6       28%         4


Dungeon Overview and Level Annotations

Branches:
Dungeon (2/15)

Altars:

Annotations:
D:2 Sigmund


Message History

Restarting spell: Searing Ray (safe; 1% risk of failure)
Press: ? - help, Shift-Dir - straight line, f/p - Sigmund
Aim: Sigmund, wielding a +0 scythe and wearing a +0 robe (severely wounded, 78% to hit)
The searing ray hits Sigmund.
Sigmund is severely wounded. (Press . to maintain the ray.) Sigmund hits you from afar with a +0 scythe.
Casting: Searing Ray (safe; 1% risk of failure)
Confirm with . or Enter, or press ? or * to list all spells.
Restarting spell: Searing Ray (safe; 1% risk of failure)
Press: ? - help, Shift-Dir - straight line, f/p - Sigmund
Aim: Sigmund, wielding a +0 scythe and wearing a +0 robe (severely wounded, 78% to hit)
The searing ray hits Sigmund.
Sigmund is severely wounded. (Press . to maintain the ray.)
Casting: Searing Ray (safe; 1% risk of failure)
Confirm with . or Enter, or press ? or * to list all spells.
Aiming: Magic Dart (safe; 1% risk of failure)
Press: ? - help, Shift-Dir - straight line, f/p - Sigmund
Aim: Sigmund, wielding a +0 scythe and wearing a +0 robe (severely wounded, 100% to hit)
The magic dart hits Sigmund.
Sigmund is almost dead.
Sigmund mumbles some strange words.
Sigmund flickers and vanishes!
Deactivating autopickup; reactivate with Ctrl-A.
A magic dart appears from out of thin air!
The magic dart hits you.
You are confused.
You see here a +0 whip.
You bump into the rock wall.
You're too confused to move!
You bump into the rock wall.
You hear some strange, mumbled words.
A puff of flame appears from out of thin air!
The puff of flame hits you!
* * * LOW HITPOINT WARNING * * *
You're too confused to move!
You feel less confused. Something hits you!
You die...

### ..#
#.# ###
#.####.##
#....{#.#
#.####)##
8.# #@#
.... #.# .
..... #.#
. .....
#.# .
#######
#.# #
#.....#
#.# #
#.....#
#.# #
#[....#
#^#
####.....#
#.#


There were no monsters in sight!

Vanquished Creatures
  Natasha (D:2)
  A worm (D:2)
  3 dart slugs
  2 endoplasms (D:1)
  2 giant cockroaches (D:1)
  4 goblins (D:1)
  11 jackals (D:1)
  3 kobolds (D:1)
  A ball python (D:1)
  2 frilled lizards (D:1)
  3 rats
33 creatures vanquished.

Vanquished Creatures (others)
  5 withered plants (D:2)
5 creatures vanquished.

Grand Total: 38 creatures vanquished

Notes
Turn   | Place    | Note
-------+----------+-------------------------------------------
     0 | D:1      | graymark the Deep Elf Conjurer began the quest for the Orb.
     0 | D:1      | Reached XP level 1. HP: 10/10 MP: 6/6
   434 | D:1      | Reached XP level 2. HP: 15/15 MP: 6/8
   775 | D:1      | Reached skill level 5 in Conjurations
   775 | D:1      | Reached XP level 3. HP: 19/19 MP: 1/10
  1184 | D:1      | Found a faded altar of an unknown god.
  1360 | D:2      | Noticed Natasha
  1366 | D:2      | Killed Natasha
  1470 | D:2      | Reached XP level 4. HP: 23/24 MP: 10/12
  1533 | D:2      | Noticed Sigmund
  1541 | D:2      | Learned a level 2 spell: Searing Ray
  1545 | D:2      | Learned a level 3 spell: Dazzling Flash
  1550 | D:2      | Learned a level 4 spell: Fulminant Prism
  1644 | D:2      | Slain by Sigmund

Illustrated notes

Levels and vault maps discovered:
D:1:      dpeg_arrival_rooms_a, layout_basic,
          hellmonk_ecumenical_altar_leap_of_faith, lemuel_old_faithful
D:2:      layout_loops_cross, basic_altar, serial_undead, serial_undead_e,
          serial_undead_e, serial_undead_a, serial_undead_d, uniq_natasha,
          uniq_sigmund

Skill      XL: |  1  2 |
---------------+-------+-----
Spellcasting   | 4 |  4.6
Conjurations   | 5 |  5.3
Dodging        | |  2.4
Stealth        | |  2.4

Action                   |  1- 3 |  4- 6 || total
-------------------------+-------+-------++-------
Melee: Unarmed           |     6 |       ||     6
       Short sword       |     9 |     2 ||    11
 Cast: Magic Dart        |    58 |     4 ||    62
       Searing Ray       |       |     5 ||     5
Armor: Robe              |     2 |       ||     2
Dodge: Dodged            |     8 |     2 ||    10
